 Dungeon Crawl Stone Soup version 0.17.1-2-g5865329 (webtiles) character file.

52 pipel the Grave Robber (level 3, -1/16 HPs)
             Began as a Vine Stalker Necromancer on Jan 23, 2016.
             Slain by an ogre
             ... wielding a +0 giant club
              (15 damage)
             ... on level 4 of the Dungeon.
             The game lasted 00:04:59 (471 turns).

pipel the Grave Robber (Vine Stalker Necromancer)    Turns: 471, Time: 00:04:59

Health: -1/16      AC:  3    Str: 10    XL:     3   Next: 85%
Magic:  0/7        EV: 12    Int: 15    God:
Gold:   82         SH:  0    Dex: 15    Spells: 2 memorised, 2 levels left

rFire  . . .     SeeInvis .       - Unarmed
rCold  . . .     Clarity  .     a - +0 robe
rNeg   . . .     SustAt   .     (no shield)
rPois  .         Gourm    .     (no helmet)
rElec  .         Spirit   +     n - +0 cloak
rCorr  .         Warding  .     (no gloves)
rMut   .         Stasis   .     (no boots)
MR     .....                    (no amulet)
Stlth  ++........               (no ring)
                                (no ring)

@: not resistant to hostile enchantments, unstealthy
A: fangs 2, regeneration 1, magic shield, antimagic bite, no device heal 3, rot
immunity
a: no special abilities


You were on level 4 of the Dungeon.
You were not hungry.

You visited 1 branch of the dungeon, and saw 4 of its levels.

You collected 82 gold pieces.

Inventory:

Armour
 a - a +0 robe (worn)
 n - a +0 cloak (worn)
Scrolls
 i - a scroll of fear {unknown}
 m - a scroll of identify {unknown}
Potions
 d - a potion of magic {unknown}
 e - a potion of ambrosia {unknown}
 g - a potion of resistance {unknown}
 j - 2 potions of brilliance {unknown}
 k - 2 potions of curing {unknown}
 l - a potion of lignification {unknown}
 o - a potion of invisibility {unknown}
Books
 b - a book of Necromancy

   Spells                             Type                      Level
   a - Pain                           Necromancy                   1
   b - Animate Skeleton               Necromancy                   1
   c - Vampiric Draining              Necromancy                   3
   d - Regeneration                   Charms/Necromancy            3
   e - Animate Dead                   Necromancy                   4
   f - Control Undead                 Necromancy                   4
Comestibles
 c - a bread ration
 f - a meat ration
 h - 3 fruits


   Skills:
 - Level 1.5 Dodging
 - Level 2.4 Stealth
 + Level 3.2 Unarmed Combat
 + Level 2.1 Spellcasting
 + Level 4.0 Necromancy


You had 2 spell levels left.
You knew the following spells:

 Your Spells              Type           Power        Failure   Level  Hunger
d - Vampiric Draining     Necr           ##........   14%         3    ###....
p - Pain                  Necr           ##..         4%          1    #......


Dungeon Overview and Level Annotations

Branches:
Dungeon (4/15)
 Temple: D:4-7

Altars:


Innate Abilities, Weirdness & Mutations

You have extremely sharp teeth.
Your natural rate of healing is unusually fast.
When hurt, damage is shared between your health and your magic reserves.
Your bite disrupts and absorbs the magic of your enemies.
Potions and wands cannot restore your health.
You are immune to rotting.


Message History

The ogre is moderately wounded.
The ogre misses you.
You closely miss the ogre. You bite the ogre. You drain its power.
You feel invigorated.
The ogre is heavily wounded.
The ogre barely misses you.
Casting: Vampiric Draining
Confirm with . or Enter, or press ? or * to list all spells.
Aiming: Pain
Press: ? - help, Shift-Dir - straight line, f/p - ogre
Aim: an ogre, wielding a giant club (heavily wounded, chance to defeat MR: 70%)
The ogre convulses in agony!
Casting: Pain
Confirm with . or Enter, or press ? or * to list all spells.
Aiming: Pain
Press: ? - help, Shift-Dir - straight line, f/p - ogre
Aim: an ogre, wielding a giant club (heavily wounded, chance to defeat MR: 70%)
The ogre convulses in agony!
The ogre hits you with a giant club!!
Ouch! That really hurt!
You die...

#####.#####
##.....##
#.........#
##...##
#.###.###.# #+##
#.# #.# ## #.# #.#
.. #.. #.# .## ###
#.# ...##
#.######......
#...@O......#
.......######>..##
####.... .....
###.# .... #.# #..
#.# # #.. ##


You could see an ogre.

Vanquished Creatures
  3 adders
  2 giant geckos (D:2)
  2 bats (D:1)
  A giant cockroach (D:1)
  6 hobgoblins (D:1)
  A ball python (D:2)
  A giant newt (D:4)
  4 goblins
  7 rats
27 creatures vanquished.

Notes
Turn   | Place    | Note
--------------------------------------------------------------
     0 | D:1      | pipel the Vine Stalker Necromancer began the quest for the Orb.
     0 | D:1      | Reached XP level 1. HP: 9/9 MP: 4/4
    11 | D:1      | Reached skill level 1 in Unarmed Combat
    50 | D:1      | Reached XP level 2. HP: 11/13 MP: 0/6
   212 | D:2      | Reached XP level 3. HP: 11/16 MP: 2/7
   343 | D:3      | Learned a level 3 spell: Vampiric Draining
   457 | D:4      | Noticed an ogre
   471 | D:4      | Slain by an ogre

Action                   || total
-------------------------++-------
Melee: Unarmed           ||    33
 Cast: Pain              ||    40
       Vampiric Draining ||     2
 Stab: Sleeping          ||     3
